[Event "Elite Hotels Open 2023"]
[Site "Vaxjo SWE"]
[Date "2023.02.10"]
[Round "2.2"]
[White "Goransson, Martin"]
[Black "Sivuk, Vitaly"]
[Result "0-1"]
[WhiteElo "2049"]
[BlackElo "2530"]
[ECO "B51"]
[TimeControl "15 minutes + 5 seconds per move from move one (Round 1 - 4) / 90 minutes + 30 seconds per move from move one (Round 5 - 8)"]
[BlackTitle "GM"]
[WhiteFideId "1717286"]
[BlackFideId "14116502"]

1. e4 c5 2. Nf3 d6 3. Bb5+ Nd7 4. Ba4 Nf6 5. O-O a6 6. c4 e5 7. Nc3 Be7 8.
 d3 O-O 9. a3 Nb6 10. Bc2 Bg4 11. Ne2 Bxf3 12. gxf3 Nh5 13. f4 exf4 14. 
Nxf4 Nxf4 15. Bxf4 Bf6 16. Rb1 Be5 17. Bg3 Nd7 18. f4 Bd4+ 19. Kh1 b5 20. 
b4 Rb8 21. cxb5 axb5 22. Qg4 Ra8 23. bxc5 Nxc5 24. Rxb5 Rxa3 25. Bh4 Bf6 
26. Rg1 g6 27. Bxf6 Qxf6 28. e5 Qe6 29. Qxe6 Nxe6 30. f5 Nd4 31. Rb2 dxe5 
32. Bb1 Nxf5 33. Rb7 Nd4 34. Rf1 Ra1 35. Kg2 Ne6 36. Re1 Nf4+ 37. Kg3 Nxd3
38. Re3 Nc5 39. Rb5 Rc8 40. Rxe5 Ra3+ 41. Kh4 Ne6 42. Rb4 Rcc3 0-1

[Event "Elite Hotels Open 2023"]
[Site "Vaxjo SWE"]
[Date "2023.02.10"]
[Round "3.7"]
[White "Strom-Engdahl, Alexander"]
[Black "Hector, Jonny"]
[Result "0-1"]
[WhiteElo "2097"]
[BlackElo "2466"]
[ECO "D00"]
[TimeControl "15 minutes + 5 seconds per move from move one (Round 1 - 4) / 90 minutes + 30 seconds per move from move one (Round 5 - 8)"]
[BlackTitle "GM"]
[WhiteFideId "1741586"]
[BlackFideId "1700090"]

1. d4 d5 2. Bf4 c5 3. Nc3 Nc6 4. e3 Bf5 5. Nf3 e6 6. Bb5 Bd6 7. dxc5 Bxc5 
8. Nd4 Ne7 9. Nxf5 Nxf5 10. O-O O-O 11. e4 dxe4 12. Bxc6 bxc6 13. Qxd8 
Rfxd8 14. Nxe4 Bb6 15. c3 Rd5 16. Rfe1 Rad8 17. b4 e5 18. Bg3 f6 19. Kf1 
Rd3 20. Rac1 h5 21. h3 h4 22. Bh2 Kf7 23. Bg1 Ke6 24. Ke2 Ne7 25. c4 Ra3 
26. Rc2 Nf5 27. Rb2 Bd4 28. Rc2 Rb8 29. Rb1 Ra4 30. b5 cxb5 31. cxb5 Ra5 
32. Nc5+ Kf7 33. a4 Bxc5 34. Rxc5 Rxa4 35. Rb2 Nd4+ 36. Kd3 Ra1 37. Bh2 
Ne6 38. Rc6 Rh1 39. f3 Rxh2 40. Rc1 Rb7 41. Ke3 Nf4 42. Rg1 Nxh3 43. Rgb1 
Nf4 0-1

[Event "Elite Hotels Open 2023"]
[Site "Vaxjo SWE"]
[Date "2023.02.10"]
[Round "3.13"]
[White "Wagner, Stephan"]
[Black "Wiklund, Johan"]
[Result "1-0"]
[WhiteElo "2264"]
[BlackElo "1899"]
[ECO "A34"]
[TimeControl "15 minutes + 5 seconds per move from move one (Round 1 - 4) / 90 minutes + 30 seconds per move from move one (Round 5 - 8)"]
[WhiteFideId "1613251"]
[BlackFideId "1713817"]

1. c4 Nf6 2. Nc3 c5 3. g3 d5 4. cxd5 Nxd5 5. Bg2 Nc7 6. Nf3 Nc6 7. O-O e5 
8. b3 Be7 9. Bb2 f6 10. e3 Qd3 11. Ne1 Qd7 12. Qh5+ g6 13. Qh6 Bf8 14. Qh4
Bg7 15. Ne4 Qe7 16. Ba3 Ne6 17. Nxc5 Nxc5 18. Rc1 Qd7 19. Rxc5 Qxd2 20. 
Rxc6 bxc6 21. Bxc6+ Kf7 22. Bxa8 Ba6 23. Nf3 Qd8 24. Bc6 Bxf1 25. Kxf1 
Qd1+ 26. Kg2 Rc8 27. Qc4+ 1-0

[Event "Elite Hotels Open 2023"]
[Site "Vaxjo SWE"]
[Date "2023.02.11"]
[Round "5.3"]
[White "Hillarp Persson, Tiger"]
[Black "Wagner, Stephan"]
[Result "0-1"]
[WhiteElo "2511"]
[BlackElo "2264"]
[ECO "E44"]
[TimeControl "15 minutes + 5 seconds per move from move one (Round 1 - 4) / 90 minutes + 30 seconds per move from move one (Round 5 - 8)"]
[WhiteTitle "GM"]
[WhiteFideId "1700812"]
[BlackFideId "1613251"]

1. d4 Nf6 2. c4 e6 3. Nc3 Bb4 4. e3 b6 5. Ne2 Bb7 6. a3 Be7 7. d5 e5 8. 
Ng3 h5 9. e4 g6 10. Bd3 a5 11. f3 Na6 12. Rb1 Nc5 13. Bc2 d6 14. b4 axb4 
15. axb4 Ncd7 16. Be3 Nh7 17. Qd2 Bg5 18. Bxg5 Nxg5 19. h4 Nh7 20. Nf1 O-O
21. Ne3 Bc8 22. Qf2 Ndf6 23. Kd2 Bd7 24. Ra1 Qc8 25. Bd3 Rxa1 26. Rxa1 Qb7
27. Qe1 Ra8 28. Qb1 Ne8 29. Ra2 Qc8 30. Qa1 Rxa2+ 31. Qxa2 Qd8 32. g3 g5 
33. hxg5 Nxg5 34. Be2 Qf6 35. Qa8 Kf8 36. c5 bxc5 37. bxc5 Nxf3+ 38. Bxf3 
Qxf3 39. Qd8 Bg4 40. cxd6 cxd6 41. Kd3 Bh3 42. Qb6 Qxg3 43. Kc2 Qf2+ 44. 
Kb3 Bd7 45. Qa7 Bg4 46. Nb5 Qf3 47. Qb6 Qxe4 48. Nxd6 Qb1+ 0-1